 Dungeon Crawl Stone Soup version 0.30-a0-1094-g860fb061e7 (webtiles) character file.

Game seed: 9176413141859869663

2284 dialectric the Protected (level 9, -5/55 HPs)
             Began as a Gargoyle Fighter on Apr 13, 2023.
             Was a Follower of Trog.
             Killed from afar by an acid dragon (13 damage)
             ... with a splash of acid
             ... on level 9 of the Dungeon on Apr 17, 2023.
             The game lasted 00:07:04 (5547 turns).

dialectric the Protected (Gargoyle Fighter)         Turns: 5547, Time: 00:07:05

Health: -5/55      AC:  7    Str: 25    XL:     9   Next: 39%
Magic:  9/9        EV:  7    Int:  9    God:    Trog [*.....]
Gold:   366        SH:  0    Dex: 10    Spells: 8/8 levels left

rFire   + . .      SeeInvis .    o - +2 short sword (drain)
rCold   . . .      Faith    .    (no shield)
rNeg    + . .      Spirit   .    k - +0 plate armour
rPois   ∞          Reflect  .    (no helmet)
rElec   +          Rampage  .    e - +2 cloak
rCorr   .                        (no gloves)
Will    .....                    (no boots) Stlth
                                 (no amulet)
HPRegen 0.29/turn                (no ring)
MPRegen 0.11/turn                (no ring)

@: brilliant, corroded, on berserk cooldown, slowed, very slow
A: sickness immunity, AC +6, negative energy resistance 1, electricity
resistance, torment resistance 1, petrification resistance, fire resistance 1,
strong 1, MP-powered wands
a: Renounce Religion, Berserk


You were on level 9 of the Dungeon.
You worshipped Trog.
Trog was aware of your devotion.
You visited 1 branch of the dungeon, and saw 8 of its levels.

You collected 366 gold pieces.

Inventory:

Hand Weapons
 a - a +0 long sword
 o - a +2 short sword of draining (weapon)
Missiles
 g - 5 boomerangs
 p - 14 poisoned darts (quivered)
Armour
 b - a +0 scale mail
 c - a +0 buckler
 e - a +2 cloak (worn)
 k - a +0 plate armour (worn)
Jewellery
 w - an amulet of magic regeneration
 A - a ring of fire
 G - a ring of protection from fire
Wands
 q - a wand of mindburst (4)
 u - a wand of quicksilver (4)
Scrolls
 h - a scroll of poison
 j - a scroll of amnesia {unknown}
 l - a scroll of brand weapon {unknown}
 m - 2 scrolls of fog
 r - 4 scrolls of identify
 s - 2 scrolls of magic mapping {unknown}
 t - a scroll of blinking
 y - a scroll of teleportation {unknown}
 z - a scroll of enchant weapon {unknown}
 D - 2 scrolls of noise {unknown}
 E - a scroll of immolation {unknown}
 F - a scroll of fear {unknown}
Potions
 d - a potion of might
 n - 4 potions of curing
 x - 2 potions of lignification
 B - a potion of flight {unknown}
 C - a potion of heal wounds {unknown}


   Skills:
 * Level 6.2 Fighting
 + Level 6.5(7.2) Short Blades
 + Level 4.5(6.2) Long Blades
 + Level 8.3 Armour
 - Level 1.0 Dodging
 - Level 0.1 Stealth
 - Level 3.2 Shields


You had 8 spell levels left.
You didn't know any spells.
Your spell library was empty.

Dungeon Overview and Level Annotations

Branches:
Dungeon (7/15)             Temple (0/1) D:6

Altars:
Dithmenos
Qazlal
Ru
Trog

Annotations:
D:7 3 runed translucent doors, math4jedi's ghost, novice MiBe


Innate Abilities, Weirdness & Mutations

You are immune to sickness and miasma.
Your stone body is resilient. (AC +6)
You are immune to poison.
You resist negative energy. (rN+)
You are resistant to electric shocks. (rElec)
You are resistant to unholy torment.
You are immune to petrification.
Your flesh is heat resistant. (rF+)
Your muscles are strong. (Str +4, Int/Dex -1)
You expend magic power (3 MP) to strengthen your wands.


Message History

An orc comes into view. It is wielding a +0 short sword.
The acid dragon bites you.
* * * LOW HITPOINT WARNING * * *
The acid dragon claws you.
* * * LOW HITPOINT WARNING * * *
The acid dragon bites you.
* * * LOW HITPOINT WARNING * * *
The acid dragon claws you.
* * * LOW HITPOINT WARNING * * *
Unknown command.
Really quaff the potion of lignification?
Okay, then.
You feel better. The acid dragon barely misses you.
The acid dragon closely misses you.
Unknown command.
It was a potion of brilliance.
You feel clever all of a sudden.
The acid dragon bites you but does no damage.
The acid dragon barely misses you.
An orc warrior comes into view. It is wielding a +0 halberd.
The acid dragon bites you.
* * * LOW HITPOINT WARNING * * *
The acid dragon claws you.
* * * LOW HITPOINT WARNING * * *
It was a potion of mutation.
You feel extremely strange.
You feel stronger.
You feel resistant to heat.
You feel your magical essence link to the dungeon's wands.
The acid dragon barely misses you. The acid dragon claws you.
* * * LOW HITPOINT WARNING * * *
Unknown command.
Blink to where?
Press: ? - help, Dir - move target
Found a stone staircase leading down.
As you read the scroll of blinking, it crumbles to dust.
Unknown command.
The air fills with toxic fumes!
As you read the scroll of poison, it crumbles to dust.
The acid dragon spits acid at you. The splash of acid hits you!
You die...

.......#######
#§$.(...#
#o#####.# #§#
§§ .. #D# §#
#... #§##§##§#
### #§§§§§§§
##§§§# #@##
#§§§§§§#
#§#§##§# #§#§#
# # #§§ ###


You could see an orc warrior and an acid dragon (catching breath, drained).

Vanquished Creatures
  Prince Ribbit (D:6)
  A steam dragon (D:5)
  2 water moccasins
  An ice beast (D:5)
  A black bear (D:5)
  3 ogres
  Blork the orc (D:4)
  A phantom (D:5)
  A bullfrog (D:6)
  3 scorpions
  3 killer bees (D:9)
  A howler monkey (D:5)
  3 orc priests (D:5)
  5 hounds
  3 jellies
  A gnoll bouda (D:7)
  2 sleepcaps (D:5)
  2 iguanas (D:5)
  An orc wizard (D:4)
  7 gnolls
  12 adders
  A white imp (D:4)
  An ufetubus (D:5)
  A worm (D:2)
  2 dart slugs
  19 orcs
  2 bats
  4 endoplasms
  6 giant cockroaches
  4 goblins
  8 hobgoblins
  7 quokkas
  9 ball pythons
  2 frilled lizards
  6 kobolds
  6 rats
133 creatures vanquished.

Vanquished Creatures (others)
  15 plants (D:2)
15 creatures vanquished.

Grand Total: 148 creatures vanquished

Notes
Turn   | Place    | Note
-------+----------+-------------------------------------------
     0 | D:1      | dialectric the Gargoyle Fighter began the quest for the
                  | Orb.
     0 | D:1      | Reached XP level 1. HP: 14/14 MP: 1/1
   224 | D:1      | Reached XP level 2. HP: 19/19 MP: 2/2
   481 | D:1      | Upgraded the game from 0.30-a0-1074-g5db6f66fbb to
                  | 0.30-a0-1075-gcd70e7a56d
   485 | D:1      | Found a faded altar of an unknown god.
   741 | D:1      | Upgraded the game from 0.30-a0-1075-gcd70e7a56d to
                  | 0.30-a0-1094-g860fb061e7
   975 | D:2      | Reached XP level 3. HP: 22/23 MP: 3/3
  1106 | D:2      | Reached XP level 4. HP: 19/28 MP: 4/4
  1271 | D:2      | Reached skill level 4 in Armour
  1707 | D:3      | Reached skill level 1 in Dodging
  1831 | D:3      | Reached XP level 5. HP: 32/32 MP: 5/5
  2009 | D:3      | Found a bloodstained altar of Trog.
  2105 | D:3      | Became a worshipper of Trog the Wrathful
  2642 | D:4      | Reached XP level 6. HP: 34/38 MP: 6/6
  2656 | D:4      | Noticed Blork the orc
  2676 | D:4      | Killed Blork the orc
  2677 | D:4      | Reached skill level 1 in Short Blades
  2693 | D:4      | Reached skill level 5 in Armour
  3058 | D:4      | Reached XP level 7. HP: 35/43 MP: 7/7
  3510 | D:5      | Entered Level 5 of the Dungeon
  3527 | D:5      | Reached * piety under Trog
  3695 | D:5      | Found a shadowy altar of Dithmenos.
  3716 | D:5      | Reached skill level 6 in Armour
  3738 | D:5      | Noticed a steam dragon
  3750 | D:5      | Killed a steam dragon
  3751 | D:5      | Reached XP level 8. HP: 46/48 MP: 8/8
  3897 | D:5      | Reached skill level 5 in Fighting
  3948 | D:5      | Found a stormy altar of Qazlal.
  4071 | D:5      | Found a sacrificial altar of Ru.
  4306 | D:5      | Reached skill level 5 in Short Blades
  4380 | D:5      | Reached skill level 7 in Armour
  4561 | D:6      | Noticed Prince Ribbit
  4572 | D:6      | Killed Prince Ribbit
  4573 | D:6      | Reached XP level 9. HP: 54/54 MP: 9/9
  4776 | D:6      | Reached skill level 8 in Armour
  5004 | D:6      | Found a staircase to the Ecumenical Temple.
  5233 | D:7      | Identified the +1 pair of boots "Pismij" {rF+ Regen+ Str+5}
  5495 | D:7      | Found a runed translucent gate.
  5496 | D:7      | Found a runed translucent gate.
  5496 | D:7      | Found a runed translucent gate.
  5501 | D:7      | Noticed math4jedi's ghost (novice MiBe)
  5506 | D:7      | You fall into a shaft and drop 2 floors!
  5545 | D:9      | Gained mutation: Your muscles are strong. (Str +4, Int/Dex
                  | -1) [potion of mutation]
  5545 | D:9      | Gained mutation: Your flesh is heat resistant. (rF+)
                  | [potion of mutation]
  5545 | D:9      | Gained mutation: You expend magic power (3 MP) to
                  | strengthen your wands. [potion of mutation]
  5547 | D:9      | Killed from afar by an acid dragon

Illustrated notes

Levels and vault maps discovered:
D:1:      tarquinn_simple_flora_water_a, layout_basic,
          shapermc_ecumenical_altar_acropolis, interstate_on_off,
          minmay_misc_feat_hallway, nicolae_concentric_dashed_squares_mild,
          serial_bayou_pond_d, minmay_misc_feat_pillars, st_stairs_14
D:2:      layout_loops_cross, serial_bayou_pond_c, due_unseen_surprise
D:3:      layout_basic, trog_book
D:4:      layout_basic, uniq_blork_the_orc
D:5:      layout_loops_cross, nicolae_qazlal_general_emergency,
          nicolae_ru_the_path_less_chosen, nicolae_dithmenos_shadow_blocks,
          minmay_between
D:6:      layout_rooms, lemuel_temple_firewalk_b, kennysheep_dice,
          uniq_prince_ribbit1
D:7:      layout_basic, ebering_ghost_rock_garden
D:9:      layout_loops_cross, okawaru_gym_becter, ebering_ghost_disaster_area,
          david_defended_altar_orc

Skill      XL: |  1  2  3  4  5  6  7  8  9 |
---------------+----------------------------+-----
Long Blades    | 2 3 4 |  4.5
Armour         | 4 5 6 7 8 |  8.3
Dodging        | 1 |  1.0
Short Blades   | 1 4 5 6 |  6.5
Fighting       | 4 5 6 |  6.2
Stealth        | |  0.1
Shields        | |  3.2

Action                     |  1- 3 |  4- 6 |  7- 9 || total
---------------------------+-------+-------+-------++-------
  Melee: Long sword        |   107 |    85 |       ||   192
         Short sword       |       |   132 |   354 ||   486
         Punch             |       |       |     7 ||     7
  Throw: Dart              |       |       |     1 ||     1
 Invoke: Berserk           |       |       |     5 ||     5
    Use: Scroll            |       |     2 |     5 ||     7
         Potion            |       |       |     7 ||     7
 Armour: Scale mail        |    62 |    43 |       ||   105
         Plate armour      |       |    99 |   231 ||   330
  Dodge: Dodged            |    59 |    75 |   111 ||   245

Table legend: (Time is in decaauts)
 A = Elapsed time spent in this place.
 B = Non-inter-level travel time spent in this place.
 C = Inter-level travel time spent in this place.
 D = Time resting spent in this place.
 E = Time spent auto-exploring this place.
 F = Levels seen in this place.
 G = Mean time per level.
                   A        B        C        D        E       F      G
               +--------+--------+--------+--------+--------+-----+--------+
         Total |   5533 |   5283 |    250 |      0 |   4061 |   8 |  691.6 |
       Dungeon |   5533 |   5283 |    250 |      0 |   4061 |   8 |  691.6 |
               +--------+--------+--------+--------+--------+-----+--------+

Top non-repeatable levels by time:
     D:5: 1020 daAuts
     D:1: 978 daAuts
     D:3: 905 daAuts
     D:4: 887 daAuts
     D:2: 779 daAuts
     D:6: 625 daAuts
     D:7: 299 daAuts
     D:9: 38 daAuts
